Avalanche vs Capitals
Created - December 16, 2017 at 19:14
Goals
|
| Avalanche |
0 |
0 |
2 |
0 |
1 |
2 |
| Capitals |
1 |
0 |
1 |
0 |
2 |
3 |
|
Shots
|
| Avalanche |
6 |
14 |
12 |
6 |
5 |
38 |
| Capitals |
14 |
5 |
8 |
1 |
5 |
28 |
|
1st period
1. Capitals , Joe Thornton 13 (François Beauchemin 1, Patrick Marleau 12) at 9:33
Penalties :
Mike Comrie (Col) for Roughing (Minor) at 2:50, Paul Martin (Was) for Diving (Minor) at 17:10
2nd period
No Goal
Penalties :
Andrei Kostitsyn (Col) for Interference (Minor) at 10:54
3rd period
2. Avalanche , Paul Stastny 5 (Alexander Radulov 9, Ryan Smyth 6) at 18:30
3. Avalanche , Paul Stastny 6 (Jack Johnson 9) at 18:39
4. Capitals , Chris Kunitz 4 (T.J. Oshie 8, Michal Rozsival 7) at 19:19
Penalties :
Bryan Little (Col) for Holding (Minor) at 6:57, Mike Comrie (Col) for Holding (Minor) at 11:19
Overtime #1
No Goal
Penalties :
No Penalty
Shootout
Penalty Shot by Bryan Little for Avalanche - Stopped by Craig Anderson
Penalty Shot by Joe Thornton for Capitals - Stopped by Semyon Varlamov
Penalty Shot by Mikkel Boedker for Avalanche - Stopped by Craig Anderson
Penalty Shot by Jaromir Jagr for Capitals - Stopped by Semyon Varlamov
Penalty Shot by Corey Perry for Avalanche - Goal!
Penalty Shot by Blake Wheeler for Capitals - Goal!
Penalty Shot by Andrei Kostitsyn for Avalanche - Shot Misses the Net
Penalty Shot by Patrick Marleau for Capitals - Shot Misses the Net
Penalty Shot by Mike Comrie for Avalanche - Stopped by Craig Anderson
Penalty Shot by Jamie Benn for Capitals - Goal!
Penalties :
No Penalty
Goalie Stats
Semyon Varlamov (Col), 26 saves from 28 shots - (0.929), OTL, 13-7-4, 65:00 minutes
Craig Anderson (Was), 36 saves from 38 shots - (0.947), W, 10-10-1, 64:52 minutes
Players Stats for Avalanche
Player Name G A P +/- PIM S H SB GA TA FO MP PP MP PK MP
------------------------------------------------------------------------------------
Alexander Radulov 0 1 1 0 0 2 1 0 0 0 0/0 13:57 0:59 0:00
Andrei Kostitsyn 0 0 0 0 2 5 4 0 2 0 0/0 17:53 0:59 1:37
Brandon Yip 0 0 0 0 0 2 1 1 0 0 0/0 16:15 0:00 1:46
Bryan Little 0 0 0 0 2 6 0 1 1 1 12/19 21:51 1:00 1:29
Chuck Kobasew 0 0 0 0 0 0 2 0 0 1 0/0 10:55 0:00 3:51
Corey Perry 0 0 0 0 0 3 1 0 0 0 1/3 18:57 1:00 0:00
Cory Emmerton 0 0 0 0 0 1 2 0 0 0 3/3 9:48 0:00 2:35
Jack Johnson 0 1 1 0 0 0 1 2 1 1 0/0 28:06 1:22 4:45
Johnny Boychuk 0 0 0 -1 0 3 0 2 0 2 0/0 24:48 0:37 3:11
Marc Staal 0 0 0 0 0 1 1 3 0 2 0/0 28:06 1:22 4:45
Matt Lashoff 0 0 0 1 0 1 0 3 0 0 0/0 12:06 0:00 0:00
Mike Comrie 0 0 0 0 4 3 0 2 0 0 10/16 16:29 0:00 1:55
Mikkel Boedker 0 0 0 0 0 2 1 0 0 0 0/0 20:15 1:00 0:00
Paul Stastny 2 0 2 0 0 5 1 0 0 2 7/15 15:55 0:59 1:57
Pernell Karl Subban 0 0 0 -1 0 3 1 2 0 3 0/0 24:48 0:37 3:11
Ryan Smyth 0 1 1 0 0 0 0 0 1 0 0/0 12:48 0:00 0:42
Steven Kampfer 0 0 0 1 0 0 0 0 0 1 0/0 12:06 0:00 0:00
Ville Leino 0 0 0 0 0 1 0 0 1 0 0/0 6:57 0:00 0:00
Players Stats for Capitals
Player Name G A P +/- PIM S H SB GA TA FO MP PP MP PK MP
------------------------------------------------------------------------------------
Adam Larsson 0 0 0 0 0 3 1 0 0 1 0/0 13:28 0:00 0:28
Blake Wheeler 0 0 0 0 0 2 1 0 0 0 0/0 18:27 3:44 0:38
Brian Boyle 0 0 0 1 0 0 1 0 0 1 2/5 12:30 0:00 0:00
Chris Kunitz 1 0 1 1 0 2 4 0 1 0 0/2 14:53 0:39 0:24
Christian Ehrhoff 0 0 0 0 0 0 1 0 1 0 0/0 24:23 3:44 0:50
François Beauchemin 0 1 1 0 0 0 5 2 1 0 0/0 23:52 3:44 0:39
Jamie Benn 0 0 0 0 0 2 2 0 0 0 0/0 16:37 3:44 0:00
Jaromir Jagr 0 0 0 -1 0 3 1 0 1 0 1/1 22:44 3:33 0:57
Jay Beagle 0 0 0 0 0 2 0 0 0 0 1/3 8:40 0:00 0:00
Joe Thornton 1 0 1 -1 0 2 3 0 1 1 11/27 22:44 3:33 0:57
Joey Ryan 0 0 0 0 0 0 0 0 0 0 0/0 13:32 0:00 0:52
Michal Rozsival 0 1 1 0 0 1 3 1 1 0 0/0 27:57 4:12 1:09
Patrick Marleau 0 1 1 -1 0 1 2 2 0 1 1/1 21:16 3:33 0:38
Paul Martin 0 0 0 0 2 3 2 0 3 1 0/0 26:50 4:12 0:00
Scott Parse 0 0 0 0 0 0 0 1 0 0 0/0 8:40 0:00 0:00
Shane Doan 0 0 0 0 0 1 1 0 1 1 0/0 10:16 0:39 0:24
T.J. Oshie 0 1 1 1 0 4 0 0 2 0 1/1 14:34 0:39 0:00
Tyler Seguin 0 0 0 0 0 2 3 0 1 0 6/16 16:37 3:44 0:00
3 Stars
1 - Paul Stastny (Col)
2 - Craig Anderson (Was)
3 - Chris Kunitz (Was)
Power Play
Avalanche - 0 on 1 Attempt(s) - 0.00%
Capitals - 0 on 4 Attempt(s) - 0.00%
Penalty Kill
Avalanche - 4 on 4 Attempt(s) - 100.00%
- Score 0 goal in Penalty Kill
Capitals - 1 on 1 Attempt(s) - 100.00%
- Score 0 goal in Penalty Kill
Team Stat
Avalanche - Hits : 16 - Faceoff Wins : 33 - Blocked Shots : 16 - Penalty Minutes : 8
Capitals - Hits : 30 - Faceoff Wins : 23 - Blocked Shots : 6 - Penalty Minutes : 2
Official
Referees : Meier Brad and Charron Francis
Linesman : Bryan Pancich and Dan Schachte
Game Notes
No Game Note
Finance
Level 1 -- Attendance: 5892 (98.20%) -- Ticket Income $483,144
Level 2 -- Attendance: 4741 (94.82%) -- Ticket Income $222,827
Level 3 -- Attendance: 2000 (100.00%) -- Ticket Income $64,000
Level 4 -- Attendance: 4000 (100.00%) -- Ticket Income $84,000
Luxury Box -- Attendance: 886 (88.60%) -- Ticket Income $148,848
Game was played at the Verizon Center.
Total Attendance: 17519 (97.33%)
Total Ticket Income: $1,002,819
Other Income: $150,423
Total Income: $1,153,242
Avalanche
5 vs 5 Forward
Center Left Wing Right Wing Time % Phy DF OF
1 Bryan Little Mikkel Boedker Corey Perry 40 1 2 2
2 Mike Comrie Andrei Kostitsyn Brandon Yip 30 1 2 2
3 Paul Stastny Ryan Smyth Alexander Radulov 20 1 2 2
4 Cory Emmerton Ville Leino Chuck Kobasew 10 1 2 2
5 vs 5 Defense
Defense Defense Time % Phy DF OF
1 Jack Johnson Marc Staal 40 1 2 2
2 Pernell Karl Subban Johnny Boychuk 40 1 2 2
3 Matt Lashoff Steven Kampfer 20 1 2 2
4 Jack Johnson Marc Staal 0 1 2 2
PowerPlay Forward
Center Left Wing Right Wing Time % Phy DF OF
1 Bryan Little Mikkel Boedker Corey Perry 60 1 2 2
2 Paul Stastny Andrei Kostitsyn Alexander Radulov 40 1 2 2
PowerPlay Defense
Defense Defense Time % Phy DF OF
1 Jack Johnson Marc Staal 60 1 2 2
2 Pernell Karl Subban Johnny Boychuk 40 1 2 2
Penalty Kill 4 Players Forward
Center Wing Time % Phy DF OF
1 Mike Comrie Chuck Kobasew 60 1 2 2
2 Paul Stastny Brandon Yip 40 1 2 2
Penalty Kill 4 Players Defense
Defense Defense Time % Phy DF OF
1 Jack Johnson Marc Staal 60 1 2 2
2 Pernell Karl Subban Johnny Boychuk 40 1 2 2
Penalty Kill - 3 Players Forward
Forward Time % Phy DF OF
1 Bryan Little 60 1 2 2
2 Mikkel Boedker 40 1 2 2
Penalty Kill - 3 Players Defense
Defense Defense Time % Phy DF OF
1 Jack Johnson Marc Staal 60 1 2 2
2 Pernell Karl Subban Johnny Boychuk 40 1 2 2
4 vs 4 Forward
Center Wing Time % Phy DF OF
1 Bryan Little Mikkel Boedker 60 1 2 2
2 Corey Perry Andrei Kostitsyn 40 1 2 2
4 vs 4 Defense
Defense Defense Time % Phy DF OF
1 Jack Johnson Marc Staal 60 1 2 2
2 Pernell Karl Subban Johnny Boychuk 40 1 2 2
Last Minutes Offensive
Center Left Wing Right Wing Defense Defense
Bryan Little Mikkel Boedker Corey Perry Jack Johnson Marc Staal
Last Minutes Defensive
Center Left Wing Right Wing Defense Defense
Bryan Little Mikkel Boedker Corey Perry Jack Johnson Marc Staal
Goaltenders
Starting : Semyon Varlamov
Backup : Dan Ellis
Extra Forwards
Normal : Paul Stastny, Alexander Radulov, Cory Emmerton - PP : Paul Stastny, Alexander Radulov - PK : Cory Emmerton
Extra Defensemen
Normal : Matt Lashoff, Steven Kampfer, Pernell Karl Subban - PP : Matt Lashoff - PK : Steven Kampfer, Pernell Karl Subban
Penalty Shots
Bryan Little, Mikkel Boedker, Corey Perry, Andrei Kostitsyn, Mike Comrie
Scratches
Andrew Ladd (Sprained Left Knee Injury), Jay Bouwmeester (Strained Right Elbow Injury), Mark Giordano (Sports Hernia Injury)
Capitals
5 vs 5 Forward
Center Left Wing Right Wing Time % Phy DF OF
1 Joe Thornton Patrick Marleau Jaromir Jagr 40 1 2 2
2 Tyler Seguin Jamie Benn Blake Wheeler 30 1 2 2
3 Brian Boyle Chris Kunitz T.J. Oshie 20 1 2 2
4 Jay Beagle Scott Parse Shane Doan 10 1 2 2
5 vs 5 Defense
Defense Defense Time % Phy DF OF
1 Michal Rozsival Paul Martin 40 1 2 2
2 Christian Ehrhoff François Beauchemin 30 1 2 2
3 Adam Larsson Joey Ryan 20 1 2 2
4 Michal Rozsival Paul Martin 10 1 2 2
PowerPlay Forward
Center Left Wing Right Wing Time % Phy DF OF
1 Joe Thornton Patrick Marleau Jaromir Jagr 60 1 2 2
2 Tyler Seguin Jamie Benn Blake Wheeler 40 1 2 2
PowerPlay Defense
Defense Defense Time % Phy DF OF
1 Michal Rozsival Paul Martin 60 1 2 2
2 Christian Ehrhoff François Beauchemin 40 1 2 2
Penalty Kill 4 Players Forward
Center Wing Time % Phy DF OF
1 Joe Thornton Jaromir Jagr 60 1 2 2
2 Blake Wheeler Patrick Marleau 40 1 2 2
Penalty Kill 4 Players Defense
Defense Defense Time % Phy DF OF
1 Michal Rozsival Paul Martin 60 1 2 2
2 Christian Ehrhoff François Beauchemin 40 1 2 2
Penalty Kill - 3 Players Forward
Forward Time % Phy DF OF
1 Joe Thornton 60 1 2 2
2 Jaromir Jagr 40 1 2 2
Penalty Kill - 3 Players Defense
Defense Defense Time % Phy DF OF
1 Michal Rozsival Paul Martin 60 1 2 2
2 Christian Ehrhoff François Beauchemin 40 1 2 2
4 vs 4 Forward
Center Wing Time % Phy DF OF
1 Joe Thornton Jaromir Jagr 60 1 2 2
2 Blake Wheeler Patrick Marleau 40 1 2 2
4 vs 4 Defense
Defense Defense Time % Phy DF OF
1 Michal Rozsival Paul Martin 60 1 2 2
2 Christian Ehrhoff François Beauchemin 40 1 2 2
Last Minutes Offensive
Center Left Wing Right Wing Defense Defense
Joe Thornton Patrick Marleau Jaromir Jagr Michal Rozsival Paul Martin
Last Minutes Defensive
Center Left Wing Right Wing Defense Defense
Joe Thornton Patrick Marleau Jaromir Jagr Michal Rozsival Paul Martin
Goaltenders
Starting : Craig Anderson
Backup : Jake Allen
Extra Forwards
Normal : T.J. Oshie, Chris Kunitz, Shane Doan - PP : T.J. Oshie, Chris Kunitz - PK : Shane Doan
Extra Defensemen
Normal : Adam Larsson, Joey Ryan, Christian Ehrhoff - PP : Adam Larsson - PK : Joey Ryan, Christian Ehrhoff
Penalty Shots
Joe Thornton, Jaromir Jagr, Blake Wheeler, Patrick Marleau, Jamie Benn
Scratches
Matt Carle (Separated Left Shoulder Injury), Matt Irwin (Torn Right ACL Injury)
% Time on Ice - Avalanche
Lines # - Real PCT - Wanted PCT - Time Play
Normal Forward
1 - 34% - 40% - 17:02
2 - 29% - 30% - 14:29
3 - 23% - 20% - 11:37
4 - 14% - 10% - 6:57
Normal Defense
1 - 38% - 40% - 19:10
2 - 37% - 40% - 18:40
3 - 24% - 20% - 12:06
4 - 0% - 0% - 0:09
PP Forward
1 - 50% - 60% - 1:00
2 - 50% - 40% - 0:59
PP Defense
1 - 69% - 60% - 1:22
2 - 31% - 40% - 0:37
PK Forward
1 - 78% - 60% - 6:10
2 - 22% - 40% - 1:46
PK Defense
1 - 60% - 60% - 4:45
2 - 40% - 40% - 3:11
PK3 Forward
1 - 0% - 60%
2 - 0% - 40%
PK3 Defense
1 - 0% - 60%
2 - 0% - 40%
44 Forward
1 - 79% - 60% - 3:57
2 - 21% - 40% - 1:03
44 Defense
1 - 53% - 60% - 2:40
2 - 47% - 40% - 2:20
Last Minute Offensive - 0:00
Last Minute Defensive - 0:00
Total
Forward - 65:00
Defense - 65:00
|
% Time on Ice - Capitals
Lines # - Real PCT - Wanted PCT - Time Play
Normal Forward
1 - 32% - 40% - 15:59
2 - 26% - 30% - 12:56
3 - 25% - 20% - 12:30
4 - 17% - 10% - 8:40
Normal Defense
1 - 36% - 40% - 18:16
2 - 34% - 30% - 17:10
3 - 25% - 20% - 12:40
4 - 4% - 10% - 1:59
PP Forward
1 - 53% - 60% - 4:12
2 - 47% - 40% - 3:44
PP Defense
1 - 53% - 60% - 4:12
2 - 47% - 40% - 3:44
PK Forward
1 - 68% - 60% - 1:21
2 - 32% - 40% - 0:38
PK Defense
1 - 67% - 60% - 1:20
2 - 33% - 40% - 0:39
PK3 Forward
1 - 0% - 60%
2 - 0% - 40%
PK3 Defense
1 - 0% - 60%
2 - 0% - 40%
44 Forward
1 - 77% - 60% - 3:51
2 - 23% - 40% - 1:09
44 Defense
1 - 54% - 60% - 2:41
2 - 46% - 40% - 2:19
Last Minute Offensive - 0:00
Last Minute Defensive - 0:00
Total
Forward - 65:00
Defense - 65:00
|
Play by Play
1st period
0:01 of 1st period - Joe Thornton wins face-off versus Bryan Little in neutral zone.
0:14 of 1st period - Snap shot by Jaromir Jagr.
0:14 of 1st period - Shot Blocked by Jack Johnson.
0:34 of 1st period - Wrist shot by Jamie Benn.
0:34 of 1st period - Shot Blocked by Marc Staal.
1:36 of 1st period - Snap shot by Corey Perry.
1:36 of 1st period - Shot Misses the Net.
1:48 of 1st period - Andrei Kostitsyn is hit by Chris Kunitz and loses puck.
1:55 of 1st period - Snap shot by T.J. Oshie.
1:55 of 1st period - Stopped by Semyon Varlamov with a rebound.
1:57 of 1st period - Slapshot by Paul Martin.
1:57 of 1st period - Deflect By T.J. Oshie.
1:57 of 1st period - Stopped by Semyon Varlamov without a rebound.
1:58 of 1st period - Tyler Seguin wins face-off versus Paul Stastny in Avalanche zone.
2:50 of 1st period - Minor Penalty to Mike Comrie for Roughing.
2:51 of 1st period - Cory Emmerton wins face-off versus Joe Thornton in Avalanche zone.
3:00 of 1st period - Christian Ehrhoff is hit by Cory Emmerton and loses puck.
4:08 of 1st period - Wrist shot by Blake Wheeler.
4:08 of 1st period - Stopped by Semyon Varlamov with a rebound.
4:10 of 1st period - Snap shot by Blake Wheeler.
4:10 of 1st period - Shot Blocked by Johnny Boychuk.
4:12 of 1st period - Slapshot by François Beauchemin.
4:12 of 1st period - Shot Blocked by Johnny Boychuk.
4:14 of 1st period - Snap shot by Christian Ehrhoff.
4:14 of 1st period - Deflect By Tyler Seguin.
4:14 of 1st period - Stopped by Semyon Varlamov without a rebound.
4:15 of 1st period - Joe Thornton wins face-off versus Paul Stastny in Avalanche zone.
4:50 of 1st period - Penalty to Mike Comrie is over, Mike Comrie is back on ice.
4:57 of 1st period - Pernell Karl Subban is hit by Joe Thornton and loses puck.
5:04 of 1st period - Wrist shot by Jaromir Jagr.
5:04 of 1st period - Stopped by Semyon Varlamov with a rebound.
5:06 of 1st period - Slapshot by Michal Rozsival.
5:06 of 1st period - Shot Blocked by Bryan Little.
5:08 of 1st period - Snap shot by Jaromir Jagr.
5:08 of 1st period - Stopped by Semyon Varlamov with a rebound.
5:14 of 1st period - Snap shot by Jaromir Jagr.
5:14 of 1st period - Shot Misses the Net.
5:16 of 1st period - Slapshot by Michal Rozsival.
5:16 of 1st period - Deflect By Patrick Marleau.
5:16 of 1st period - Shot Misses the Net.
5:16 of 1st period - Puck is out of play.
5:17 of 1st period - Mike Comrie wins face-off versus Brian Boyle in Avalanche zone.
6:05 of 1st period - Marc Staal is hit by Jamie Benn and loses puck.
6:49 of 1st period - Snap shot by Andrei Kostitsyn.
6:49 of 1st period - Shot Misses the Net.
6:53 of 1st period - Wrist shot by Mike Comrie.
6:53 of 1st period - Stopped by Craig Anderson without a rebound.
6:54 of 1st period - Bryan Little wins face-off versus Jay Beagle in Capitals zone.
6:59 of 1st period - Wrist shot by Bryan Little.
6:59 of 1st period - Shot Blocked by Scott Parse.
8:32 of 1st period - Wrist shot by Bryan Little.
8:32 of 1st period - Shot Blocked by Michal Rozsival.
8:40 of 1st period - Wrist shot by Corey Perry.
8:40 of 1st period - Stopped by Craig Anderson without a rebound.
8:41 of 1st period - Joe Thornton wins face-off versus Mike Comrie in Capitals zone.
8:43 of 1st period - Icing by Jaromir Jagr.
8:44 of 1st period - Mike Comrie wins face-off versus Joe Thornton in Capitals zone.
8:45 of 1st period - Slapshot by Andrei Kostitsyn.
8:45 of 1st period - Stopped by Craig Anderson without a rebound.
8:46 of 1st period - Mike Comrie wins face-off versus Joe Thornton in Capitals zone.
9:29 of 1st period - Slapshot by Patrick Marleau.
9:29 of 1st period - Shot Misses the Net.
9:31 of 1st period - Slapshot by François Beauchemin.
9:31 of 1st period - Shot Misses the Net.
9:33 of 1st period - Snap shot by Joe Thornton.
9:33 of 1st period - Goal by Joe Thornton - Avalanche : 0 - Capitals : 1.
9:34 of 1st period - Mike Comrie wins face-off versus Tyler Seguin in neutral zone.
9:59 of 1st period - Marc Staal is hit by Michal Rozsival and loses puck.
11:08 of 1st period - Snap shot by Andrei Kostitsyn.
11:08 of 1st period - Stopped by Craig Anderson without a rebound.
11:09 of 1st period - Tyler Seguin wins face-off versus Mike Comrie in Capitals zone.
11:09 of 1st period - Tyler Seguin is hit by Andrei Kostitsyn.
11:23 of 1st period - Snap shot by Blake Wheeler.
11:23 of 1st period - Shot Misses the Net.
11:25 of 1st period - Slapshot by Michal Rozsival.
11:25 of 1st period - Deflect By Brandon Yip.
11:25 of 1st period - Stopped by Semyon Varlamov without a rebound.
11:26 of 1st period - Paul Stastny wins face-off versus Joe Thornton in Avalanche zone.
11:40 of 1st period - Backhand shot by Alexander Radulov.
11:40 of 1st period - Stopped by Craig Anderson with a rebound.
11:52 of 1st period - Brandon Yip is hit by François Beauchemin and loses puck.
12:02 of 1st period - Snap shot by Jamie Benn.
12:02 of 1st period - Shot Misses the Net.
12:04 of 1st period - Slapshot by Christian Ehrhoff.
12:04 of 1st period - Shot Misses the Net.
12:14 of 1st period - Paul Martin is hit by Jack Johnson.
12:18 of 1st period - Marc Staal is hit by Paul Martin and loses puck.
12:38 of 1st period - Snap shot by Jay Beagle.
12:38 of 1st period - Deflect By Shane Doan.
12:38 of 1st period - Shot Blocked by Jack Johnson.
12:38 of 1st period - Puck is out of play.
12:39 of 1st period - Joe Thornton wins face-off versus Bryan Little in Avalanche zone.
12:40 of 1st period - Wrist shot by Jaromir Jagr.
12:40 of 1st period - Shot Misses the Net.
12:42 of 1st period - Slapshot by Adam Larsson.
12:42 of 1st period - Stopped by Semyon Varlamov with a rebound.
12:44 of 1st period - Slapshot by Jaromir Jagr.
12:44 of 1st period - Stopped by Semyon Varlamov without a rebound.
12:45 of 1st period - Joe Thornton wins face-off versus Bryan Little in Avalanche zone.
14:10 of 1st period - Slapshot by Chuck Kobasew.
14:10 of 1st period - Shot Misses the Net.
14:40 of 1st period - Marc Staal is hit by Blake Wheeler and loses puck.
14:47 of 1st period - Wrist shot by Jamie Benn.
14:47 of 1st period - Shot Misses the Net.
15:36 of 1st period - Wrist shot by Jay Beagle.
15:36 of 1st period - Stopped by Semyon Varlamov with a rebound.
15:38 of 1st period - Slapshot by Adam Larsson.
15:38 of 1st period - Shot Blocked by Marc Staal.
15:40 of 1st period - Slapshot by Adam Larsson.
15:40 of 1st period - Shot Misses the Net.
15:42 of 1st period - Wrist shot by Jay Beagle.
15:42 of 1st period - Stopped by Semyon Varlamov without a rebound.
15:43 of 1st period - Bryan Little wins face-off versus Tyler Seguin in Avalanche zone.
15:52 of 1st period - Snap shot by Jamie Benn.
15:52 of 1st period - Stopped by Semyon Varlamov with a rebound.
15:56 of 1st period - Snap shot by Jamie Benn.
15:56 of 1st period - Stopped by Semyon Varlamov without a rebound.
15:57 of 1st period - Mike Comrie wins face-off versus Joe Thornton in Avalanche zone.
15:57 of 1st period - Mike Comrie is hit by Christian Ehrhoff.
16:05 of 1st period - Wrist shot by Jaromir Jagr.
16:05 of 1st period - Shot Blocked by Matt Lashoff.
16:46 of 1st period - Off-side.
16:47 of 1st period - Tyler Seguin wins face-off versus Bryan Little in neutral zone.
17:10 of 1st period - Minor Penalty to Paul Martin for Diving.
17:11 of 1st period - Bryan Little wins face-off versus Joe Thornton in Capitals zone.
17:12 of 1st period - Wrist shot by Mikkel Boedker.
17:12 of 1st period - Stopped by Craig Anderson without a rebound.
17:13 of 1st period - Joe Thornton wins face-off versus Bryan Little in Capitals zone.
17:30 of 1st period - Snap shot by Bryan Little.
17:30 of 1st period - Shot Misses the Net.
19:05 of 1st period - Blake Wheeler is hit by Andrei Kostitsyn and loses puck.
19:10 of 1st period - Penalty to Paul Martin is over, Paul Martin is back on ice.
19:16 of 1st period - Snap shot by Chris Kunitz.
19:16 of 1st period - Shot Misses the Net.
19:18 of 1st period - Slapshot by Adam Larsson.
19:18 of 1st period - Shot Misses the Net.
19:20 of 1st period - Slapshot by Christian Ehrhoff.
19:20 of 1st period - Shot Misses the Net.
19:22 of 1st period - Wrist shot by Brian Boyle.
19:22 of 1st period - Shot Blocked by Matt Lashoff.
19:42 of 1st period - Brandon Yip is hit by Tyler Seguin and loses puck.
19:55 of 1st period - Pernell Karl Subban is hit by François Beauchemin and loses puck.
Goals for this period are 0 for Avalanche vs 1 for Capitals.
Shots for this period are 6 for Avalanche vs 14 for Capitals.
2nd period
0:01 of 2nd period - Joe Thornton wins face-off versus Corey Perry in neutral zone.
0:08 of 2nd period - Wrist shot by Joe Thornton.
0:08 of 2nd period - Stopped by Semyon Varlamov without a rebound.
0:09 of 2nd period - Bryan Little wins face-off versus Joe Thornton in Avalanche zone.
1:06 of 2nd period - Wrist shot by Corey Perry.
1:06 of 2nd period - Shot Misses the Net.
1:41 of 2nd period - Snap shot by Joe Thornton.
1:41 of 2nd period - Shot Misses the Net.
2:11 of 2nd period - Snap shot by Joe Thornton.
2:11 of 2nd period - Shot Misses the Net.
2:38 of 2nd period - Off-side.
2:39 of 2nd period - Tyler Seguin wins face-off versus Paul Stastny in neutral zone.
2:46 of 2nd period - Slapshot by Alexander Radulov.
2:46 of 2nd period - Stopped by Craig Anderson with a rebound.
2:48 of 2nd period - Wrist shot by Alexander Radulov.
2:48 of 2nd period - Deflect By Paul Stastny.
2:48 of 2nd period - Stopped by Craig Anderson with a rebound.
3:13 of 2nd period - Icing by Pernell Karl Subban.
3:14 of 2nd period - Mike Comrie wins face-off versus Tyler Seguin in Avalanche zone.
3:25 of 2nd period - Snap shot by Mike Comrie.
3:25 of 2nd period - Stopped by Craig Anderson with a rebound.
3:27 of 2nd period - Slapshot by Pernell Karl Subban.
3:27 of 2nd period - Shot Misses the Net.
3:29 of 2nd period - Wrist shot by Andrei Kostitsyn.
3:29 of 2nd period - Stopped by Craig Anderson with a rebound.
3:43 of 2nd period - Pernell Karl Subban is hit by Paul Martin and loses puck.
4:08 of 2nd period - Snap shot by Andrei Kostitsyn.
4:08 of 2nd period - Deflect By Brandon Yip.
4:08 of 2nd period - Stopped by Craig Anderson with a rebound.
4:14 of 2nd period - Snap shot by Mike Comrie.
4:14 of 2nd period - Shot Misses the Net.
4:16 of 2nd period - Slapshot by Johnny Boychuk.
4:16 of 2nd period - Deflect By Andrei Kostitsyn.
4:16 of 2nd period - Shot Misses the Net.
4:16 of 2nd period - Puck is out of play.
4:17 of 2nd period - Paul Stastny wins face-off versus Tyler Seguin in Capitals zone.
5:24 of 2nd period - Johnny Boychuk is hit by Tyler Seguin and loses puck.
5:59 of 2nd period - Jack Johnson is hit by Chris Kunitz.
6:27 of 2nd period - Cory Emmerton is hit by François Beauchemin and loses puck.
6:52 of 2nd period - Paul Stastny is hit by Jamie Benn and loses puck.
7:11 of 2nd period - Brian Boyle is hit by Brandon Yip and loses puck.
8:05 of 2nd period - Johnny Boychuk is hit by Tyler Seguin and loses puck.
8:18 of 2nd period - T.J. Oshie is hit by Corey Perry and loses puck.
8:23 of 2nd period - Wrist shot by Bryan Little.
8:23 of 2nd period - Stopped by Craig Anderson with a rebound.
8:25 of 2nd period - Snap shot by Corey Perry.
8:25 of 2nd period - Shot Misses the Net.
8:27 of 2nd period - Snap shot by Mikkel Boedker.
8:27 of 2nd period - Stopped by Craig Anderson with a rebound.
8:29 of 2nd period - Wrist shot by Bryan Little.
8:29 of 2nd period - Stopped by Craig Anderson with a rebound.
8:39 of 2nd period - Adam Larsson is hit by Cory Emmerton and loses puck.
8:58 of 2nd period - Joey Ryan is hit by Pernell Karl Subban and loses puck.
9:07 of 2nd period - Adam Larsson is hit by Marc Staal and loses puck.
9:22 of 2nd period - Snap shot by Blake Wheeler.
9:22 of 2nd period - Shot Misses the Net.
9:24 of 2nd period - Snap shot by Adam Larsson.
9:24 of 2nd period - Stopped by Semyon Varlamov without a rebound.
9:25 of 2nd period - Mike Comrie wins face-off versus Tyler Seguin in Avalanche zone.
9:29 of 2nd period - Off-side.
9:30 of 2nd period - Mike Comrie wins face-off versus Tyler Seguin in neutral zone.
9:59 of 2nd period - Snap shot by Paul Martin.
9:59 of 2nd period - Stopped by Semyon Varlamov without a rebound.
10:00 of 2nd period - Bryan Little wins face-off versus Brian Boyle in Avalanche zone.
10:09 of 2nd period - Snap shot by Mikkel Boedker.
10:09 of 2nd period - Deflect By Bryan Little.
10:09 of 2nd period - Stopped by Craig Anderson with a rebound.
10:11 of 2nd period - Snap shot by Pernell Karl Subban.
10:11 of 2nd period - Stopped by Craig Anderson with a rebound.
10:13 of 2nd period - Snap shot by Bryan Little.
10:13 of 2nd period - Stopped by Craig Anderson with a rebound.
10:15 of 2nd period - Slapshot by Johnny Boychuk.
10:15 of 2nd period - Shot Blocked by François Beauchemin.
10:17 of 2nd period - Snap shot by Mikkel Boedker.
10:17 of 2nd period - Shot Misses the Net.
10:54 of 2nd period - Minor Penalty to Andrei Kostitsyn for Interference.
10:55 of 2nd period - Joe Thornton wins face-off versus Mike Comrie in Avalanche zone.
11:05 of 2nd period - Marc Staal is hit by Joe Thornton.
11:11 of 2nd period - Wrist shot by Jaromir Jagr.
11:11 of 2nd period - Shot Blocked by Mike Comrie.
12:54 of 2nd period - Penalty to Andrei Kostitsyn is over, Andrei Kostitsyn is back on ice.
13:54 of 2nd period - Snap shot by Paul Stastny.
13:54 of 2nd period - Shot Misses the Net.
13:56 of 2nd period - Slapshot by Pernell Karl Subban.
13:56 of 2nd period - Deflect By Ryan Smyth.
13:56 of 2nd period - Shot Misses the Net.
13:56 of 2nd period - Puck is out of play.
13:57 of 2nd period - Jay Beagle wins face-off versus Paul Stastny in Capitals zone.
13:57 of 2nd period - Jay Beagle is hit by Paul Stastny.
14:24 of 2nd period - Backhand shot by Corey Perry.
14:24 of 2nd period - Stopped by Craig Anderson with a rebound.
14:26 of 2nd period - Snap shot by Corey Perry.
14:26 of 2nd period - Shot Blocked by Patrick Marleau.
14:28 of 2nd period - Snap shot by Johnny Boychuk.
14:28 of 2nd period - Stopped by Craig Anderson without a rebound.
14:29 of 2nd period - Bryan Little wins face-off versus Joe Thornton in Capitals zone.
14:56 of 2nd period - Brandon Yip is hit by Adam Larsson and loses puck.
15:03 of 2nd period - Wrist shot by Jamie Benn.
15:03 of 2nd period - Shot Misses the Net.
15:05 of 2nd period - Slapshot by Adam Larsson.
15:05 of 2nd period - Shot Blocked by Mike Comrie.
15:07 of 2nd period - Snap shot by Blake Wheeler.
15:07 of 2nd period - Stopped by Semyon Varlamov without a rebound.
15:08 of 2nd period - Joe Thornton wins face-off versus Bryan Little in Avalanche zone.
15:09 of 2nd period - Wrist shot by Patrick Marleau.
15:09 of 2nd period - Shot Misses the Net.
15:11 of 2nd period - Snap shot by Joe Thornton.
15:11 of 2nd period - Shot Misses the Net.
15:13 of 2nd period - Slapshot by Patrick Marleau.
15:13 of 2nd period - Shot Misses the Net.
15:25 of 2nd period - Slapshot by Pernell Karl Subban.
15:25 of 2nd period - Stopped by Craig Anderson with a rebound.
16:14 of 2nd period - Slapshot by Jack Johnson.
16:14 of 2nd period - Shot Misses the Net.
16:28 of 2nd period - Snap shot by Jay Beagle.
16:28 of 2nd period - Shot Misses the Net.
16:59 of 2nd period - Slapshot by Jaromir Jagr.
16:59 of 2nd period - Shot Misses the Net.
18:00 of 2nd period - Slapshot by Shane Doan.
18:00 of 2nd period - Shot Hit the Post.
19:11 of 2nd period - Slapshot by Paul Martin.
19:11 of 2nd period - Stopped by Semyon Varlamov with a rebound.
19:47 of 2nd period - Michal Rozsival is hit by Chuck Kobasew and loses puck.
Goals for this period are 0 for Avalanche vs 0 for Capitals.
Shots for this period are 14 for Avalanche vs 5 for Capitals.
3rd period
0:01 of 3rd period - Bryan Little wins face-off versus Joe Thornton in neutral zone.
0:12 of 3rd period - Bryan Little is hit by Patrick Marleau.
1:36 of 3rd period - Snap shot by Ville Leino.
1:36 of 3rd period - Stopped by Craig Anderson with a rebound.
2:17 of 3rd period - Steven Kampfer is hit by Patrick Marleau and loses puck.
2:45 of 3rd period - François Beauchemin is hit by Andrei Kostitsyn and loses puck.
3:10 of 3rd period - Icing by Paul Stastny.
3:11 of 3rd period - Paul Stastny wins face-off versus Joe Thornton in Avalanche zone.
3:11 of 3rd period - Paul Stastny is hit by Michal Rozsival.
4:28 of 3rd period - Slapshot by Ville Leino.
4:28 of 3rd period - Shot Misses the Net.
4:30 of 3rd period - Slapshot by Matt Lashoff.
4:30 of 3rd period - Stopped by Craig Anderson without a rebound.
4:31 of 3rd period - Jaromir Jagr wins face-off versus Bryan Little in Capitals zone.
5:22 of 3rd period - Wrist shot by Tyler Seguin.
5:22 of 3rd period - Stopped by Semyon Varlamov with a rebound.
5:24 of 3rd period - Snap shot by Tyler Seguin.
5:24 of 3rd period - Shot Misses the Net.
5:26 of 3rd period - Slapshot by Adam Larsson.
5:26 of 3rd period - Stopped by Semyon Varlamov without a rebound.
5:27 of 3rd period - Bryan Little wins face-off versus Tyler Seguin in Avalanche zone.
6:08 of 3rd period - Snap shot by Mike Comrie.
6:08 of 3rd period - Stopped by Craig Anderson with a rebound.
6:10 of 3rd period - Wrist shot by Brandon Yip.
6:10 of 3rd period - Stopped by Craig Anderson without a rebound.
6:11 of 3rd period - Patrick Marleau wins face-off versus Paul Stastny in Capitals zone.
6:57 of 3rd period - Minor Penalty to Bryan Little for Holding.
6:58 of 3rd period - Tyler Seguin wins face-off versus Mike Comrie in Avalanche zone.
7:32 of 3rd period - Johnny Boychuk is hit by Joe Thornton and loses puck.
8:57 of 3rd period - Penalty to Bryan Little is over, Bryan Little is back on ice.
9:14 of 3rd period - Snap shot by Bryan Little.
9:14 of 3rd period - Stopped by Craig Anderson without a rebound.
9:15 of 3rd period - Paul Stastny wins face-off versus Brian Boyle in Capitals zone.
9:22 of 3rd period - Backhand shot by Paul Stastny.
9:22 of 3rd period - Shot Misses the Net.
9:26 of 3rd period - Snap shot by Paul Stastny.
9:26 of 3rd period - Stopped by Craig Anderson with a rebound.
9:28 of 3rd period - Snap shot by Steven Kampfer.
9:28 of 3rd period - Shot Misses the Net.
9:30 of 3rd period - Backhand shot by Matt Lashoff.
9:30 of 3rd period - Shot Misses the Net.
10:11 of 3rd period - Snap shot by Cory Emmerton.
10:11 of 3rd period - Shot Misses the Net.
10:13 of 3rd period - Slapshot by Pernell Karl Subban.
10:13 of 3rd period - Stopped by Craig Anderson without a rebound.
10:14 of 3rd period - Bryan Little wins face-off versus Tyler Seguin in Capitals zone.
10:23 of 3rd period - Snap shot by Bryan Little.
10:23 of 3rd period - Stopped by Craig Anderson with a rebound.
10:25 of 3rd period - Snap shot by Corey Perry.
10:25 of 3rd period - Stopped by Craig Anderson without a rebound.
10:26 of 3rd period - Bryan Little wins face-off versus Tyler Seguin in Capitals zone.
11:17 of 3rd period - Slapshot by Patrick Marleau.
11:17 of 3rd period - Shot Blocked by Brandon Yip.
11:19 of 3rd period - Minor Penalty to Mike Comrie for Holding.
11:20 of 3rd period - Cory Emmerton wins face-off versus Joe Thornton in Avalanche zone.
13:19 of 3rd period - Penalty to Mike Comrie is over, Mike Comrie is back on ice.
13:42 of 3rd period - Shane Doan is hit by Alexander Radulov and loses puck.
13:51 of 3rd period - Slapshot by François Beauchemin.
13:51 of 3rd period - Shot Blocked by Matt Lashoff.
14:23 of 3rd period - François Beauchemin is hit by Chuck Kobasew and loses puck.
14:38 of 3rd period - Snap shot by Blake Wheeler.
14:38 of 3rd period - Shot Blocked by Marc Staal.
14:40 of 3rd period - Slapshot by Blake Wheeler.
14:40 of 3rd period - Deflect By Tyler Seguin.
14:40 of 3rd period - Shot Misses the Net.
14:40 of 3rd period - Puck is out of play.
14:41 of 3rd period - Brian Boyle wins face-off versus Mike Comrie in Avalanche zone.
14:48 of 3rd period - Snap shot by T.J. Oshie.
14:48 of 3rd period - Stopped by Semyon Varlamov without a rebound.
14:49 of 3rd period - Mike Comrie wins face-off versus Chris Kunitz in Avalanche zone.
14:49 of 3rd period - Mike Comrie is hit by Michal Rozsival.
14:52 of 3rd period - Johnny Boychuk is hit by Chris Kunitz and loses puck.
14:59 of 3rd period - Slapshot by Chris Kunitz.
14:59 of 3rd period - Stopped by Semyon Varlamov with a rebound.
15:41 of 3rd period - Snap shot by T.J. Oshie.
15:41 of 3rd period - Stopped by Semyon Varlamov without a rebound.
15:42 of 3rd period - Paul Stastny wins face-off versus Joe Thornton in Avalanche zone.
15:42 of 3rd period - Paul Stastny is hit by Jaromir Jagr.
15:50 of 3rd period - Slapshot by Paul Stastny.
15:50 of 3rd period - Shot Misses the Net.
15:52 of 3rd period - Slapshot by Jack Johnson.
15:52 of 3rd period - Shot Misses the Net.
16:13 of 3rd period - Wrist shot by Blake Wheeler.
16:13 of 3rd period - Shot Misses the Net.
16:31 of 3rd period - Slapshot by Shane Doan.
16:31 of 3rd period - Stopped by Semyon Varlamov without a rebound.
16:32 of 3rd period - Cory Emmerton wins face-off versus Jay Beagle in Avalanche zone.
16:32 of 3rd period - Cory Emmerton is hit by Shane Doan.
16:54 of 3rd period - Slapshot by Paul Martin.
16:54 of 3rd period - Stopped by Semyon Varlamov with a rebound.
17:08 of 3rd period - Snap shot by Cory Emmerton.
17:08 of 3rd period - Stopped by Craig Anderson without a rebound.
17:09 of 3rd period - Joe Thornton wins face-off versus Paul Stastny in Capitals zone.
18:30 of 3rd period - Slapshot by Paul Stastny.
18:30 of 3rd period - Goal by Paul Stastny - Avalanche : 1 - Capitals : 1.
18:31 of 3rd period - Paul Stastny wins face-off versus Joe Thornton in neutral zone.
18:33 of 3rd period - Off-side.
18:34 of 3rd period - Paul Stastny wins face-off versus Joe Thornton in neutral zone.
18:39 of 3rd period - Wrist shot by Paul Stastny.
18:39 of 3rd period - Goal by Paul Stastny - Avalanche : 2 - Capitals : 1.
18:40 of 3rd period - Brian Boyle wins face-off versus Paul Stastny in neutral zone.
19:00 of 3rd period - Marc Staal is hit by Brian Boyle.
19:11 of 3rd period - Capitals, Craig Anderson is pulled from the net.
19:13 of 3rd period - Wrist shot by Chris Kunitz.
19:13 of 3rd period - Shot Misses the Net.
19:19 of 3rd period - Snap shot by Chris Kunitz.
19:19 of 3rd period - Goal by Chris Kunitz - Avalanche : 2 - Capitals : 2.
19:19 of 3rd period - Craig Anderson from Capitals was sent back in the game.
19:20 of 3rd period - Mike Comrie wins face-off versus Tyler Seguin in neutral zone.
19:33 of 3rd period - Snap shot by Mike Comrie.
19:33 of 3rd period - Shot Misses the Net.
19:42 of 3rd period - Icing by Michal Rozsival.
19:43 of 3rd period - Tyler Seguin wins face-off versus Mike Comrie in Capitals zone.
Goals for this period are 2 for Avalanche vs 1 for Capitals.
Shots for this period are 12 for Avalanche vs 8 for Capitals.
Overtime #1
0:01 of 1st overtime period - Bryan Little wins face-off versus Joe Thornton in neutral zone.
0:48 of 1st overtime period - Snap shot by Patrick Marleau.
0:48 of 1st overtime period - Shot Blocked by Pernell Karl Subban.
0:50 of 1st overtime period - Slapshot by Paul Martin.
0:50 of 1st overtime period - Shot Blocked by Pernell Karl Subban.
0:52 of 1st overtime period - Snap shot by Patrick Marleau.
0:52 of 1st overtime period - Stopped by Semyon Varlamov with a rebound.
1:08 of 1st overtime period - Snap shot by Andrei Kostitsyn.
1:08 of 1st overtime period - Stopped by Craig Anderson without a rebound.
1:09 of 1st overtime period - Corey Perry wins face-off versus Chris Kunitz in Capitals zone.
1:10 of 1st overtime period - Slapshot by Andrei Kostitsyn.
1:10 of 1st overtime period - Deflect By Corey Perry.
1:10 of 1st overtime period - Shot Misses the Net.
1:10 of 1st overtime period - Puck is out of play.
1:11 of 1st overtime period - T.J. Oshie wins face-off versus Corey Perry in Capitals zone.
1:17 of 1st overtime period - Snap shot by Andrei Kostitsyn.
1:17 of 1st overtime period - Stopped by Craig Anderson with a rebound.
1:23 of 1st overtime period - Snap shot by Andrei Kostitsyn.
1:23 of 1st overtime period - Shot Blocked by François Beauchemin.
1:25 of 1st overtime period - Slapshot by Marc Staal.
1:25 of 1st overtime period - Stopped by Craig Anderson with a rebound.
2:15 of 1st overtime period - Snap shot by Johnny Boychuk.
2:15 of 1st overtime period - Deflect By Paul Martin.
2:15 of 1st overtime period - Stopped by Craig Anderson with a rebound.
2:17 of 1st overtime period - Snap shot by Paul Stastny.
2:17 of 1st overtime period - Shot Blocked by Patrick Marleau.
2:19 of 1st overtime period - Snap shot by Johnny Boychuk.
2:19 of 1st overtime period - Stopped by Craig Anderson without a rebound.
2:20 of 1st overtime period - Bryan Little wins face-off versus Joe Thornton in Capitals zone.
3:12 of 1st overtime period - Marc Staal is hit by Chris Kunitz and loses puck.
3:25 of 1st overtime period - Christian Ehrhoff is hit by Mikkel Boedker and loses puck.
3:40 of 1st overtime period - Pernell Karl Subban is hit by François Beauchemin and loses puck.
3:57 of 1st overtime period - Paul Stastny is hit by François Beauchemin and loses puck.
4:27 of 1st overtime period - Shane Doan is hit by Andrei Kostitsyn and loses puck.
4:49 of 1st overtime period - Wrist shot by Paul Stastny.
4:49 of 1st overtime period - Stopped by Craig Anderson without a rebound.
4:50 of 1st overtime period - Joe Thornton wins face-off versus Paul Stastny in Capitals zone.
Goals for this period are 0 for Avalanche vs 0 for Capitals.
Shots for this period are 6 for Avalanche vs 1 for Capitals.
ShootOut
5:00 of 1st overtime period - Penalty Shot by Bryan Little for Avalanche.
5:00 of 1st overtime period - Deke by Bryan Little.
5:00 of 1st overtime period - Stopped by Craig Anderson.
5:00 of 1st overtime period - Penalty Shot by Joe Thornton for Capitals.
5:00 of 1st overtime period - Wrist shot by Joe Thornton.
5:00 of 1st overtime period - Stopped by Semyon Varlamov.
5:00 of 1st overtime period - Penalty Shot by Mikkel Boedker for Avalanche.
5:00 of 1st overtime period - Wrist shot by Mikkel Boedker.
5:00 of 1st overtime period - Stopped by Craig Anderson.
5:00 of 1st overtime period - Penalty Shot by Jaromir Jagr for Capitals.
5:00 of 1st overtime period - Backhand shot by Jaromir Jagr.
5:00 of 1st overtime period - Stopped by Semyon Varlamov.
5:00 of 1st overtime period - Penalty Shot by Corey Perry for Avalanche.
5:00 of 1st overtime period - Wrist shot by Corey Perry.
5:00 of 1st overtime period - Goal by Corey Perry.
5:00 of 1st overtime period - Penalty Shot by Blake Wheeler for Capitals.
5:00 of 1st overtime period - Wrist shot by Blake Wheeler.
5:00 of 1st overtime period - Goal by Blake Wheeler.
5:00 of 1st overtime period - Penalty Shot by Andrei Kostitsyn for Avalanche.
5:00 of 1st overtime period - Wrist shot by Andrei Kostitsyn.
5:00 of 1st overtime period - Shot Misses the Net.
5:00 of 1st overtime period - Penalty Shot by Patrick Marleau for Capitals.
5:00 of 1st overtime period - Wrist shot by Patrick Marleau.
5:00 of 1st overtime period - Shot Misses the Net.
5:00 of 1st overtime period - Penalty Shot by Mike Comrie for Avalanche.
5:00 of 1st overtime period - Deke by Mike Comrie.
5:00 of 1st overtime period - Stopped by Craig Anderson.
5:00 of 1st overtime period - Penalty Shot by Jamie Benn for Capitals.
5:00 of 1st overtime period - Snap shot by Jamie Benn.
5:00 of 1st overtime period - Goal by Jamie Benn.
Back to the Top